 Dungeon Crawl Stone Soup version 0.30.1-4-g462c640d31 (webtiles) character file.

Game seed: 18286106305017294377

1459 hilljack the Ducker (level 9, -3/55 (62) HPs)
             Began as a Human Summoner on Aug 13, 2023.
             Was a Follower of Hepliaklqana.
             Slain by a wight
             ... wielding a +0 flail
              (9 damage)
             ... on level 7 of the Dungeon.
             The game lasted 00:19:26 (8678 turns).

hilljack the Ducker (Human Summoner)                Turns: 8678, Time: 00:19:26

HP:   -3/55 (62)    AC:  8    Str: 11    XL:     9   Next: 5%
MP:   17/21         EV: 13    Int: 24    God:    Hepliaklqana [*.....]
Gold: 292           SH:  5    Dex: 13    Spells: 6/12 levels left

rFire   + . .        g - +0 trident
rCold   + . .        (no shield)
rNeg    . . .        d - +0 leather armour
rPois   .            q - +1 helmet
rElec   .            p - scarf {rC+ rF+}
rCorr   .            F - +1 Delatra's gloves {ID++}
SInv    .            (no boots)
Will    .....        u - amulet of reflection
Stlth   ++           v - ring of magical power
HPRegen 0.29/turn    x - +6 ring of intelligence
MPRegen 0.17/turn

%: reflection
@: heavily drained
A: reduced essence
a: Renounce Religion, Recall Ancestor, Ancestor Identity


You were on level 7 of the Dungeon.
You worshipped Hepliaklqana.
Hepliaklqana was aware of your devotion.
You visited 2 branches of the dungeon, and saw 8 of its levels.
You also visited: Sewer.

You collected 292 gold pieces.

Inventory:

Hand Weapons
 g - a +0 trident (weapon)
Missiles
 a - 3 throwing nets
 E - 5 poisoned darts
Armour
 d - a +0 leather armour (worn)
 k - a +1 pair of gloves
 p - a scarf of resistance (worn)
 q - a +1 helmet (worn)
 F - the +1 Delatra's gloves (worn) {ID++}
   (You found it on level 6 of the Dungeon)

   ID++:      It heals its wearer when they drink unknown potions, and restores
   their MP when they read unknown scrolls.
Jewellery
 u - an amulet of reflection (around neck)
 v - a ring of magical power (left hand)
 x - a +6 ring of intelligence (right hand)
 G - the ring of Etziuk {Fly SInv}
   (You took it off a kobold on level 6 of the Dungeon)

   [ring of flight]

   SInv:      It lets you see invisible.
   Fly:       It grants you flight.
Wands
 e - a wand of quicksilver (5)
 n - a wand of flame (19)
Scrolls
 o - a scroll of teleportation
 s - a scroll of enchant armour
 w - 2 scrolls of poison
 y - 2 scrolls of fear {unknown}
 A - a scroll of noise {unknown}
 B - a scroll of silence {unknown}
 C - a scroll of enchant weapon {unknown}
 D - 3 scrolls of identify
Potions
 b - 2 potions of magic
 c - 2 potions of lignification {unknown}
 f - 2 potions of flight
 h - a potion of berserk rage {unknown}
 i - a potion of invisibility {unknown}
 j - a potion of curing {unknown}
 l - 3 potions of degeneration {unknown}
 m - a potion of heal wounds {unknown}
 r - 4 potions of mutation {unknown}
 t - a potion of haste {unknown}
 z - a potion of cancellation {unknown}


   Skills:
 + Level 5.9 Fighting
 + Level 5.9 Armour
 - Level 6.0 Dodging
 - Level 2.0 Stealth
 - Level 2.0 Spellcasting
 + Level 4.5 Summonings


You had 6 spell levels left.
You knew the following spells:

 Your Spells              Type           Power      Damage    Failure   Level
a - Summon Small Mammal   Summ           96%        N/A       2%          1
b - Call Imp              Summ           48%        N/A       3%          2
c - Call Canine Familiar  Summ           24%        N/A       7%          3

Your spell library contained the following spells:

 Spells                   Type           Power      Damage    Failure   Level
 Sandblast                Erth           4%         2d4       16%         1
 Summon Guardian Golem    Hex/Summ       13%        N/A       19%         3
 Passwall                 Tmut/Erth      1%         N/A       22%         2
 Scorch                   Fire           4%         2d5       22%         2
 Stone Arrow              Conj/Erth      4%         3d7       41%         3
 Summon Lightning Spire   Summ/Air       13%        N/A       52%         4
 Flame Wave               Conj/Fire      2%         2d4       83%         4
 Summon Cactus Giant      Summ           12%        N/A       98%         6


Dungeon Overview and Level Annotations

Branches:
Dungeon (7/15)             Temple (1/1) D:4           Sewer (visited)

Altars:
Ashenzari
Dithmenos
Elyvilon
Fedhas
Hepliaklqana
Okawaru
Qazlal
Ru
Sif Muna
Trog
Uskayaw
Vehumet
Wu Jian
Yredelemnul
The Shining One


Message History

Your hound dies!
Your hound's corpse disappears in a puff of smoke!
Your cerulean imp closely misses the wight.
You hit the wight but do no damage.
The wight barely misses your cerulean imp.
The wight barely misses you.
Your cerulean imp hits the wight but does no damage.
You block the wight's attack.
The wight hits your cerulean imp with a +5 trident!
Your cerulean imp dies!
Your cerulean imp disappears in a puff of smoke!
The wight misses you.
You barely miss the wight.
The wight is lightly damaged.
The wight hits you from afar with a +5 trident!
The wight barely misses you.
The wight hits you with a +1 scimitar of freezing!
You feel drained. The wight freezes you.
You are too injured to fight recklessly!
You closely miss the wight.
The wight is lightly damaged.
The wight closely misses you. x2; The wight misses you.
The wight hits you from afar with a +5 trident.
The wight attacks as you move away! The wight closely misses you.
The wight attacks as you move away! The wight hits you with a +0 flail.
You feel drained. The wight attacks as you move away!
The wight hits you with a +0 flail.
Casting: Call Canine Familiar (dangerous; 7% risk of failure)
Confirm with . or Enter, or press ? or * to list all spells.
You block the wight's attack. The wight closely misses you.
The wight hits you with a +0 flail!
* * * LOW HITPOINT WARNING * * *
You feel drained.
* * * LOW HITPOINT WARNING * * *
The wight closely misses you.
Your hound closely misses the wight.
The wight hits you with a +0 flail.
* * * LOW HITPOINT WARNING * * *
You feel drained.
Your hound barely misses the wight.
The wight attacks as you move away! The wight hits you with a +0 flail!
You die...

..
..................
...#
######...........
.###
#................
###..
.....###..........
..#._. ....
#...........
#...###...
#.h.........
##.###
##z.#######..
#....#####zz..# .
##......##.@..#
#......##....#
##.....##....#
#....R#.....#
#...........#
########<...#
#....# ######


You could see 3 wights and a friendly hound (summoned).

Vanquished Creatures
  An ogre (D:6)
  A centaur (D:4)
  A scorpion (D:4)
  3 howler monkeys
  A hound (D:4)
  An orc wizard (D:2)
  A gnoll (D:2)
  5 adders
  2 river rats (Sewer)
  3 dart slugs
  6 orcs
  7 bats
  2 endoplasms
  8 giant cockroaches
  11 goblins
  6 hobgoblins
  12 jackals
  2 quokkas
  6 ball pythons
  4 frilled lizards
  10 kobolds
  8 rats
101 creatures vanquished.

Vanquished Creatures (collateral kills)
  2 ogres
  A kobold brigand (D:6)
  A scorpion (D:5)
  4 orc priests
  A hound (D:5)
  A gnoll bouda (D:6)
  Jessica (D:3)
  2 iguanas (D:5)
  4 orc wizards
  Robin (D:4)
  6 gnolls
  11 adders
  2 ufetubi
  A worm (D:4)
  2 dart slugs
  7 orcs
  2 endoplasms (D:2)
  3 giant cockroaches
  13 goblins
  3 hobgoblins
  5 jackals
  A quokka (D:6)
  2 frilled lizards (Sewer)
  6 kobolds
  3 rats (Sewer)
85 creatures vanquished.

Vanquished Creatures (others)
  An ancestor (D:7)
1 creature vanquished.

Grand Total: 187 creatures vanquished

Notes
Turn   | Place    | Note
-------+----------+-------------------------------------------
     0 | D:1      | hilljack the Human Summoner began the quest for the Orb.
     0 | D:1      | Reached XP level 1. HP: 13/13 MP: 3/3
   138 | D:1      | Reached XP level 2. HP: 20/20 MP: 1/5
   227 | D:1      | Found a faded altar of an unknown god.
   327 | D:1      | Reached skill level 1 in Armour
   329 | D:1      | Reached skill level 1 in Fighting
   394 | D:1      | Learned a level 2 spell: Call Imp
   577 | D:1      | Reached XP level 3. HP: 24/26 MP: 6/6
  1292 | D:2      | Reached XP level 4. HP: 31/32 MP: 7/7
  1478 | D:2      | Reached skill level 3 in Dodging
  2005 | D:2      | Reached XP level 5. HP: 38/38 MP: 8/8
  2302 | D:3      | Noticed an ogre
  2348 | D:3      | Learned a level 3 spell: Call Canine Familiar
  2357 | D:3      | Killed an ogre
  2358 | D:3      | Reached XP level 6. HP: 46/46 MP: 3/9
  3343 | D:3      | Reached skill level 4 in Dodging
  3447 | D:3      | Noticed Jessica
  3455 | D:3      | Killed Jessica
  3773 | D:3      | Found a stormy altar of Qazlal.
  4119 | D:4      | Reached XP level 7. HP: 37/52 MP: 4/10
  4620 | D:4      | Noticed Robin
  4626 | D:4      | Killed Robin
  5053 | D:4      | Found a staircase to the Ecumenical Temple.
  5178 | Temple   | Entered the Ecumenical Temple
  5365 | Temple   | Became a worshipper of Hepliaklqana the Forgotten
  5413 | D:5      | Entered Level 5 of the Dungeon
  5746 | D:4      | Reached skill level 5 in Dodging
  5817 | D:5      | Reached XP level 8. HP: 20/61 MP: 6/11
  6366 | D:5      | Reached skill level 5 in Armour
  6739 | D:6      | Reached skill level 5 in Fighting
  7102 | D:6      | Found a glowing drain.
  7122 | D:6      | Reached skill level 6 in Dodging
  7128 | Sewer    | Entered a sewer
  7902 | D:6      | Reached * piety under Hepliaklqana
  8038 | D:6      | Found the +1 Delatra's gloves {ID++}
  8144 | D:6      | Identified the ring of Etziuk {Fly SInv}
  8165 | D:6      | Reached XP level 9. HP: 59/62 MP: 11/12
  8341 | D:6      | Found a glowing golden altar of the Shining One.
  8343 | D:6      | Noticed an angel
  8348 | D:6      | Found a basalt altar of Yredelemnul.
  8350 | D:6      | Noticed a profane servitor
  8627 | D:7      | Found a broken altar of Ashenzari.
  8678 | D:7      | Slain by a wight

Illustrated notes

Levels and vault maps discovered:
D:1:      amcnicky_arrival_gap_in_the_tavern_cellar, layout_basic,
          chequers_ecumenical_altar_simple_redux, minmay_worlds_worst_comb
D:2:      layout_loops_cross
D:3:      layout_basic, lemuel_tele_altar, uniq_jessica
D:4:      wad_crossroads, layout_basic, minmay_temple_entry_nine_rooms,
          uniq_robin
D:5:      layout_basic
D:6:      cheibrodos_thug_alley, layout_basic, grunt_temple_overflow_holy_war,
          gup_sewer_entry_pipe
D:7:      layout_rooms, nicolae_ashenzari_panopticon,
          mainiacjoe_overflow_24_doors, lemuel_doored_altar,
          minmay_misc_feat_diagonals, grunt_ministairs_12
Temple:   grunt_temple_mini_profane

Skill      XL: |  1  2  3  4  5  6  7  8 |
---------------+-------------------------+-----
Armour         | 1 2 3 4 5 |  5.9
Fighting       | 1 2 3 4 5 |  5.9
Dodging        | 3 4 5 6 |  6.0
Stealth        | |  2.0
Spellcasting   | |  2.0
Summonings     | |  4.5

Action                     |  1- 3 |  4- 6 |  7- 9 || total
---------------------------+-------+-------+-------++-------
  Melee: Mace              |    59 |       |       ||    59
         Punch             |     1 |     1 |     3 ||     5
         Spear             |    46 |    77 |       ||   123
         Trident           |       |    49 |   288 ||   337
   Cast: Summon Small Mamm |    13 |    20 |     2 ||    35
         Call Imp          |     2 |    19 |    30 ||    51
         Call Canine Famil |       |    11 |    31 ||    42
    Use: Scroll            |       |     5 |     3 ||     8
   Stab: Sleeping          |     5 |     1 |     9 ||    15
         Distracted        |       |       |     1 ||     1
 Armour: Leather armour    |    34 |    46 |   149 ||   229
  Dodge: Dodged            |    72 |   100 |   360 ||   532
  Block: Other             |       |       |    42 ||    42
